AoeStats
← gdpadilla950

Oasis

510143799Analyzed
2v2 RM · 4d ago on Sep 29, 2026· 56m 44s· 4 players
Game mode
Random Map
Map size
Medium (4 player)
Population
200
Speed
Normal
Resources
Standard
Victory
Conquest
Starting age
Dark Age
Ending age
Imperial Age
RankedLock teamsTeams togetherTeam positionsShared explorationLock speedFull tech treeHidden civsTurbo modeCheats
Victory
Defeat
🇦🇷 Vikings · Argentina
947
+12
🇦🇷 Byzantines · Argentina
936
+12
🇩🇪 Khmer · Germany
867
-13
🇪🇸 Huns · Spain
832
-11
Johannes ROE PUBG
9:20 Feudal Age
10:47 Wheelbarrow
9:58 Double-Bit Axe
9:55 Horse Collar
19:43 Castle Age
17:36 Gold Mining
17:54 Stone Mining
21:50 Hand Cart
22:52 Bow Saw
22:45 Heavy Plow
23:25 Bloodlines
22:36 Light Cavalry
23:16 Husbandry
26:51 Gold Shaft Mining
28:17 Stone Shaft Mining
36:12 Imperial Age
35:21 Caravan
36:07 Scale Barding Armor
36:13 Forging
36:21 Hussar
37:34 Crop Rotation
38:12 Chemistry
37:34 Chain Barding Armor
38:40 Conscription
38:22 Double Crossbow
40:52 Iron Casting
44:57 Plate Barding Armor
45:09 Cavalier
47:22 Blast Furnace
aRiPeiCh
0:30 Loom
9:50 Feudal Age
11:10 Wheelbarrow
10:48 Double-Bit Axe
14:58 Horse Collar
22:06 Castle Age
20:07 Stone Mining
21:27 Forging
21:23 Scale Barding Armor
21:18 Fletching
21:43 Gold Mining
23:32 Iron Casting
24:03 Husbandry
24:46 Bloodlines
26:00 Gold Shaft Mining
27:20 Caravan
27:54 Bow Saw
31:16 Hand Cart
35:45 Imperial Age
33:13 Crossbowman
35:03 Bodkin Arrow
35:10 Padded Archer Armor
37:15 Coinage
37:07 Thumb Ring
38:32 Cavalier
40:23 Parthian Tactics
41:00 Bracer
41:16 Leather Archer Armor
43:39 Paladin
45:22 Blast Furnace
44:53 Chain Barding Armor
43:58 Heavy Cavalry Archer
46:17 Two-Man Saw
44:59 Light Cavalry
47:53 Hussar
gdpadilla950
6:37 Loom
10:39 Feudal Age
18:40 Castle Age
17:46 Double-Bit Axe
18:45 Horse Collar
20:20 Pikeman
21:29 Fervor
23:09 Bow Saw
25:32 Squires
30:16 Imperial Age
28:10 Scale Mail Armor
28:20 Forging
28:49 Gold Mining
28:51 Stone Mining
28:51 Arson
29:53 Chain Mail Armor
30:18 Gold Shaft Mining
30:48 Iron Casting
31:00 Chieftains
31:09 Heavy Plow
32:39 Two-Man Saw
32:19 Conscription
31:54 Fletching
31:29 Crossbowman
33:13 Crop Rotation
33:09 Block Printing
34:39 Ballistics
35:20 Chemistry
35:43 Plate Mail Armor
36:14 Blast Furnace
35:20 Elite Varangian Guard
35:40 Arbalester
37:23 Bodkin Arrow
37:28 Padded Archer Armor
37:55 Town Watch
38:32 Elite Skirmisher
39:48 Town Patrol
41:19 Siege Engineers
41:25 Fortified Wall
43:53 Leather Archer Armor
43:38 Bracer
45:10 Murder Holes
48:45 Capped Ram
50:19 Siege Ram
51:48 Ring Archer Armor
52:02 Bogsveigar
joaquinc96
12:54 Feudal Age
13:05 Loom
15:10 Horse Collar
15:19 Double-Bit Axe
26:14 Castle Age
24:43 Stone Mining
25:56 Fletching
26:33 Pikeman
28:19 Squires
29:16 Padded Archer Armor
32:37 Ballistics
37:05 Imperial Age
35:46 Elite Skirmisher
37:07 Bodkin Arrow
39:53 Thumb Ring
39:51 Bracer
40:07 Leather Archer Armor
40:51 Conscription
43:22 Halberdier
44:41 Leather Archer Armor
50:36 Scale Mail Armor
51:43 Chemistry
53:55 Chain Mail Armor
Connection lost

Rejoining the realm…

Still unreachable

The connection could not be restored.

Session expired

The server has moved on; the page needs a fresh start.